 Dungeon Crawl Stone Soup version 0.31-a0-152-g6aa68a64a1 (webtiles) character file.

Game seed: 16527819136087415334

29 qw the Shooter (level 3, 0/21 HPs)
             Began as a Gargoyle Hunter on June 10, 2023.
             Slain by a kobold
             ... wielding a +0 whip
              (2 damage)
             ... on level 2 of the Dungeon.
             The game lasted 00:00:20 (658 turns).

qw the Shooter (Gargoyle Hunter)                     Turns: 658, Time: 00:00:20

Health: 0/21       AC:  8    Str: 14    XL:     3   Next: 16%
Magic:  3/3        EV: 10    Int:  9    God:
Gold:   5          SH:  0    Dex: 15    Spells: 2/2 levels left

rFire   . . .        Y - +0 shortbow
rCold   . . .        (shield currently unavailable)
rNeg    + . .        e - +0 ring mail
rPois   inf          (no helmet)
rElec   +            (no cloak)
rCorr   .            (no gloves)
SInv    .            (no boots)
Will    .....        (no amulet)
Stlth   +            (no ring)
HPRegen 0.23/turn    (no ring)
MPRegen 0.08/turn

%: no passive effects
@: about to teleport
A: sickness immunity, AC +3, negative energy resistance 1, electricity
resistance, torment resistance 1, petrification resistance
a: no special abilities


You were on level 2 of the Dungeon.
You visited 1 branch of the dungeon, and saw 2 of its levels.

You collected 5 gold pieces.


Innate Abilities, Weirdness & Mutations

You are immune to sickness and miasma.
Your stone body is resilient. (AC +3)
You are immune to poison.
You resist negative energy. (rN+)
You are resistant to electric shocks. (rElec)
You are resistant to unholy torment.
You are immune to petrification.


   Skills:
 - Level 2.1 Fighting
 - Level 4.9 Ranged Weapons
 + Level 0.5 Armour
 - Level 1.5 Dodging
 - Level 1.1 Stealth


You had 2 spell levels left.
You didn't know any spells.
Your spell library was empty.

Inventory:

Hand Weapons
 Y - a +0 shortbow (weapon)
Armour
 e - a +0 ring mail (worn)
Jewellery
 c - an amulet of regeneration
Scrolls
 a - a scroll of identify
 f - a scroll of teleportation
Potions
 b - a potion of magic {unknown}
 d - a potion of berserk rage {unknown}
 g - a potion of haste {unknown}

Dungeon Overview and Level Annotations

Branches:
Dungeon (2/15)

Altars:

Annotations:
D:2 Terence


Message History

The kobold shouts!
The arrow hits Terence but does no damage.
You shoot an arrow.
The arrow hits Terence but does no damage.
You shoot an arrow. The arrow barely misses Terence.
You shoot an arrow.
The arrow hits Terence but does no damage.
You shoot an arrow. The arrow hits Terence.
Terence is lightly wounded.
Terence closely misses you.
You shoot an arrow.
The arrow hits Terence but does no damage.
Terence is lightly wounded.
The kobold hits you with a +0 whip. Terence hits you with a +0 mace.
The kobold barely misses you. Terence barely misses you.
You shoot an arrow.
The arrow hits Terence but does no damage.
Terence is lightly wounded.
The kobold hits you but does no damage. Terence hits you with a +0 mace.
You shoot an arrow.
The arrow hits Terence but does no damage.
Terence is lightly wounded.
The kobold hits you but does no damage. Terence closely misses you.
You shoot an arrow. The arrow hits Terence.
Terence is moderately wounded.
The kobold hits you but does no damage. Terence closely misses you.
The kobold closely misses you. Terence misses you.
You shoot an arrow.
The arrow hits Terence but does no damage.
Terence is moderately wounded.
The kobold hits you with a +0 whip. Terence hits you with a +0 mace!
657 ||| READING 2 scrolls of teleportation.
As you read the scroll of teleportation, it crumbles to dust.
You feel strangely unstable. The kobold barely misses you.
Terence hits you but does no damage.
You shoot an arrow.
The arrow hits Terence but does no damage.
Terence is moderately wounded.
The kobold hits you with a +0 whip.
You die...

#.##.##.#.##..........
####.##.##.#<##^>...#.###
#......[...#.#......%....
..#####.####.#...###.).##
##.## #.....# #.#.# #...#
###.#.# #.#.# #...# #.##.
....# #...# # ##%###
#..@# ... #.....K@....#
... ..............#
#...........###
#####..$##### #...# #...#
#...#


You could see Terence and a kobold.

Vanquished Creatures
  2 dart slugs (D:1)
  4 bats
  A giant cockroach (D:1)
  A goblin (D:2)
  2 hobgoblins
  4 quokkas (D:1)
  A ball python (D:2)
  A frilled lizard (D:1)
  6 kobolds (D:1)
  A rat (D:1)
23 creatures vanquished.

Notes
Turn   | Place    | Note
-------+----------+-------------------------------------------
     0 | D:1      | qw the Gargoyle Hunter began the quest for the Orb.
     0 | D:1      | Reached XP level 1. HP: 12/12 MP: 1/1
     0 | D:1      | 0 ||| qw: Version: 0.2-a-123-gb51047a
     0 | D:1      | 0 ||| qw: Game counter: 3720
     0 | D:1      | 0 ||| qw: Always use a shield: true
     0 | D:1      | 0 ||| qw: God list: Okawaru
     0 | D:1      | 0 ||| qw: Allow faded altars: false
     0 | D:1      | 0 ||| qw: Do Orc after D:15 true
     0 | D:1      | 0 ||| qw: Do second Lair branch before Depths: true
     0 | D:1      | 0 ||| qw: Lair rune preference: random
     0 | D:1      | 0 ||| qw: Plans: Normal, Zot:1-4, Slime:5, God:TSO, Crypt,
                  | Tomb, Abyss, Pan, Hells, Win
     0 | D:1      | 0 ||| PLANNING D:1-11
     2 | D:1      | 2 ||| DROPPING scroll of butterflies.
    68 | D:1      | Reached XP level 2. HP: 16/17 MP: 2/2
   352 | D:1      | 352 ||| Stepping ~*~*~tactically~*~*~ (outnumbered).
   360 | D:1      | Reached XP level 3. HP: 20/21 MP: 3/3
   566 | D:1      | 566 ||| UPGRADING to +0 ring mail.
   576 | D:1      | 576 ||| DROPPING +0 leather armour.
   577 | D:1      | 577 ||| READING 2 scrolls labelled MUICKE NYSILI.
   578 | D:1      | 578 ||| READING 3 scrolls labelled BUPTUTR ATUCVA.
   645 | D:2      | Noticed Terence
   656 | D:2      | HP: 1/21 [Terence/+0 mace (7)]
   657 | D:2      | 657 ||| READING 2 scrolls of teleportation.
   658 | D:2      | Slain by a kobold

Levels and vault maps discovered:
D:1:      minmay_arrival_arboretum_small, layout_basic
D:2:      layout_loops_cross, basic_altar, nicolae_ecumenical_snake_handling,
          serial_glass, glass_columns_b, glass_columns_c, uniq_terence

Action                     || total
---------------------------++-------
   Fire: Shortbow          ||    82
    Use: Scroll            ||     3
 Armour: Leather armour    ||     8
         Ring mail         ||     5
  Dodge: Dodged            ||    26

Table legend:
 A = Non-vault XP
 B = Vault XP
 C = Vault XP percentage of total XP
 D = Non-vault monster count
 E = Vault monster count
 F = Vault count percentage of total count
                 A         B        C        D         E       F
            +---------+---------+-------+---------+---------+-------
      Total |      42 |       0 |   0.0 |      23 |       0 |   0.0
            +---------+---------+-------+---------+---------+-------
        D:1 |      36 |       0 |   0.0 |      19 |       0 |   0.0
        D:2 |       6 |       0 |   0.0 |       4 |       0 |   0.0
            +---------+---------+-------+---------+---------+-------
